 Dungeon Crawl Stone Soup version 0.26.0-10-g1f06aea511 (webtiles) character file.

Game seed: 9039416747855123095

21 MajorAdolf the Sneak (level 2, 0/27 HPs)
             Began as a Naga Wanderer on Jan 25, 2021.
             Hit by a stone thrown by a goblin (2 damage)
             ... on level 1 of the Dungeon.
             The game lasted 00:02:17 (888 turns).

MajorAdolf the Sneak (Naga Wanderer)                 Turns: 888, Time: 00:02:17

Health: 0/27       AC:  1    Str: 14    XL:     2   Next: 83%
Magic:  6/6        EV:  9    Int: 13    God:
Gold:   0          SH:  0    Dex:  9    Spells: 6/7 levels left

rFire    . . .     SeeInvis +   a - +2 dagger
rCold    . . .     Faith    .   (no shield)
rNeg     . . .     Spirit   .   d - +0 robe
rPois    +         Reflect  .   (no helmet)
rElec    .         Harm     .   (no cloak)
rCorr    .         Rampage  .   (no gloves)
Will     .....                  (no barding)
Stlth    ++........             (no amulet)
HPRegen  0.09/turn              (no ring)
MPRegen  0.10/turn              (no ring)

@: short of breath, very slow
A: large, see invisible, deformed body, poison resistance, slowness 2, spit
poison 1, AC +0
a: Spit Poison


You were on level 1 of the Dungeon.
You visited 1 branch of the dungeon, and saw 1 of its levels.

Inventory:

Hand Weapons
 a - a +2 dagger (weapon)
Armour
 d - a +0 robe (worn)
Jewellery
 g - an uncursed amulet of faith {unknown}
Scrolls
 c - a scroll of enchant weapon {unknown}
Potions
 b - a potion of haste
 e - a potion of curing {unknown}
 f - 2 potions of invisibility {unknown}


   Skills:
 + Level 2.3 Fighting
 - Level 3.0 Stealth
 - Level 3.0 Spellcasting
 - Level 1.0 Fire Magic
 - Level 3.0 Air Magic
 - Level 1.3 Poison Magic


You had 6 spell levels left.
You knew the following spells:

 Your Spells              Type           Power        Failure   Level
a - Foxfire               Conj/Fire      12%          19%         1

Your spell library contained the following spells:

 Spells                   Type           Power        Failure   Level
 Inner Flame              Hex/Fire       3%           50%         3


Dungeon Overview and Level Annotations

Branches:
Dungeon (1/15)

Altars:


Innate Abilities, Weirdness & Mutations

You cannot wear boots.
Your serpentine skin is tough. (AC +0)
You have supernaturally acute eyesight. (SInv)
Armour fits poorly on your strangely shaped body.
Your system is resistant to poisons. (rPois)
You cover ground very slowly.
You can spit poison.


Message History

The splash of poison misses the goblin.
The goblin hits you with a +0 dagger.
* * * LOW HITPOINT WARNING * * *
Unknown command.
You see here a kobold corpse.
The goblin throws a stone.
The stone hits you but does no damage.
You see here a stone.
You have got your breath back.
The goblin throws a stone.
The stone barely misses you.
The goblin throws a stone.
The stone hits you but does no damage.
You see here a stone.
The goblin throws a stone.
The stone barely misses you.
A goblin is nearby!
Press: ? - help, Shift-Dir - straight line, f/p - goblin
Aim: a goblin, wielding a +0 dagger, wearing a +0 scale mail and quivering 32 stones The splash of poison hits the goblin but does no damage.
The goblin is poisoned.
The goblin throws a stone.
The stone hits you but does no damage.
Unknown command.
The goblin throws a stone.
The stone hits you.
You die...

..............#...#.#...#.#..
.........#....#...#.'.<.#.#..
..............#...#.#...#....
..............#####.#####.###
........###.................
#+##...................###...
#.#.......†..######....###...
#.......g......(..'..........
#......(####@(....#...##.....
#.......#†((......#....'.....
#.......'..............#.....
#.....#(#..............#.....
.......(#........#..)..#.....
##......#.#......+.....#.....
#........###....#.....#.....
#............####+###.......
.....#........# #............


You could see a goblin (poisoned).

Vanquished Creatures
  A dart slug (D:1)
  A leopard gecko (D:1)
  2 giant cockroaches (D:1)
  5 goblins (D:1)
  A bat (D:1)
  A frilled lizard (D:1)
  5 kobolds (D:1)
  A rat (D:1)
17 creatures vanquished.

Notes
Turn   | Place    | Note
-------+----------+-------------------------------------------
     0 | D:1      | MajorAdolf the Naga Wanderer began the quest for the Orb.
     0 | D:1      | MajorAdolf set off with the following items: a +2 dagger, a
                  | potion of haste, a +0 robe; and the following spell
                  | memorised: Foxfire; and the following spells available to
                  | memorise: Inner Flame
     0 | D:1      | Reached XP level 1. HP: 15/15 MP: 4/4
   128 | D:1      | Reached skill level 1 in Fighting
   346 | D:1      | Reached XP level 2. HP: 19/25 MP: 6/6
   880 | D:1      | HP: 1/27 [goblin/+0 dagger (4)]
   888 | D:1      | Hit by a stone thrown by a goblin

Illustrated notes

Levels and vault maps discovered:
D:1:      minmay_arrival_four_houses, layout_basic, kennysheep_boxes

Skill      XL: |  1  2 |
---------------+-------+-----
Fighting       | 1 2 |  2.3
Stealth        | |  3.0
Spellcasting   | |  3.0
Fire Magic     | |  1.0
Air Magic      | |  3.0
Poison Magic   | |  1.3

Action                   || total
-------------------------++-------
Melee: Dagger            ||    16
 Abil: Spit Poison       ||    23
 Stab: Sleeping          ||     3
Armor: Robe              ||     4
Dodge: Dodged            ||    30
